 Dungeon Crawl Stone Soup version 0.26-a0-651-gb41185065b (webtiles) character file.

Game seed: 18339673527079873565

(classic levelgen) 110 EnegeticOcto the Covered (level 4, 23/42 HPs)
             Began as a Deep Dwarf Fighter on Oct 13, 2020.
             Quit the game on level 2 of the Dungeon.
             The game lasted 00:00:51 (707 turns).

EnegeticOcto the Covered (Deep Dwarf Fighter)        Turns: 707, Time: 00:00:52

Health: 23/42      AC:  8    Str: 20    XL:     4   Next: 61%
Magic:  4/4        EV:  7    Int:  9    God:
Gold:   44         SH:  9    Dex: 12    Spells: 3/3 levels left

rFire    . . .     SeeInvis .   a - +0 war axe
rCold    . . .     Faith    .   c - +0 kite shield
rNeg     . . .     Spirit   .   b - +0 scale mail
rPois    .         Reflect  .   n - +0 helmet
rElec    .         Harm     .   (no cloak)
rCorr    .         Rampage  .   (no gloves)
MR       .....                  (no boots)
Stlth    ..........             (no amulet)
HPRegen  0.00/turn              i - ring of flight
MPRegen  0.09/turn              (no ring)

@: mildly poisoned (23 -> 23), non-regenerating
A: damage resistance, heal wounds, sense surroundings 1, no regeneration
a: Heal Wounds, Evoke Flight


You were on level 2 of the Dungeon.
You visited 1 branch of the dungeon, and saw 3 of its levels.

You collected 44 gold pieces.

Inventory:

Hand Weapons
 a - a +0 war axe (weapon)
Armour
 b - a +0 scale mail (worn)
 c - a +0 kite shield (worn)
 n - a +0 helmet (worn)
Jewellery
 i - a ring of flight (left hand)
Wands
 l - a wand of enslavement (2)
Scrolls
 e - 3 scrolls of remove curse {unknown}
 f - a scroll of identify {unknown}
 g - 2 scrolls of fog {unknown}
 j - 2 scrolls of teleportation {unknown}
 o - a scroll of random uselessness {unknown}
Potions
 d - a potion of might {@q3}
 h - a potion of lignification {unknown}
 k - a potion of heal wounds {unknown}
 m - 2 potions of curing {unknown}


   Skills:
 + Level 3.2 Fighting
 * Level 3.8 Axes
 + Level 4.0 Armour
 + Level 3.9 Shields


You had 3 spell levels left.
You didn't know any spells.
Your spell library was empty.

Dungeon Overview and Level Annotations

Branches:
Dungeon (3/15)

Altars:
Okawaru


Innate Abilities, Weirdness & Mutations

You are resistant to damage.
You can heal yourself by infusing magical energy.
You passively map a small area around you.
You do not regenerate.


Message History

The bat hits you. The bat closely misses you.
You hit the bat but do no damage.
The bat is severely wounded.
You block the bat's attack. x2; The bat hits you but does no damage.
You barely miss the bat.
The bat is severely wounded.
The bat hits you but does no damage. x2
You closely miss the bat.
The bat is severely wounded.
You block the bat's attack. The bat hits you but does no damage. x2
You hit the bat.
You kill the bat!
No target in view!
No target in view!
No target in view!
No target in view!
You open the door.
A goblin comes into view.
The goblin shouts!
Found 27 stones.
Found a stone staircase leading down.
A goblin is nearby!
A goblin is nearby!
A goblin is nearby!
A goblin is nearby!
A goblin is nearby!
The goblin hits you but does no damage.
Found a scroll labeled APTOMN QEMOA.
There is an open door here.
You closely miss the goblin. You block the goblin's attack.
You miss the goblin. The goblin barely misses you.
You block the goblin's attack.
You hit the goblin.
The goblin is heavily wounded.
The goblin hits you.
You miss the goblin.
The goblin is heavily wounded.
The goblin hits you but does no damage.
You slash the goblin!
You kill the goblin!
No target in view!
No target in view!
No target in view!
No target in view!
No target in view!
There is a stone staircase leading down here.
o - a scroll labeled APTOMN QEMOA You open the large door.
Found a whip.
There is a large open door here.
Found a quarterstaff.
You open the large door.
There is a large open door here.
Found a stone staircase leading down.
An adder comes into view.
The adder moves out of view.
Found a glowing long sword.
A kobold comes into view. It is wielding a +0 short sword.
There are monsters nearby!
You closely miss the adder. The adder bites you but does no damage.
You block the adder's attack.
You closely miss the adder. You block the adder's attack.
You hit the adder but do no damage. You closely miss the kobold.
The adder bites you.
The kobold hits you with a +0 short sword.
The adder bites you but does no damage. The kobold closely misses you.
You miss the adder. You hit the kobold.
You kill the kobold!
The adder bites you but does no damage. The adder barely misses you.
Your shield and scale mail prevent you from hitting the adder.
You block the adder's attack. The adder bites you.
You are poisoned.
The adder poisons you!
You barely miss the adder. The adder closely misses you. The adder bites you.
You are more poisoned.
The adder poisons you!
You closely miss the adder. You block the adder's attack.
The adder bites you but does no damage.
You slash the adder!
You kill the adder!
Your Armour skill increases to level 4!
No target in view!
No target in view!
No target in view!
No target in view!
No target in view!
No target in view!
No target in view!
No target in view!
Things that are here:
a +0 short sword; 2 stones A quokka comes into view.
You see here 5 gold pieces.
A quokka is nearby!
A quokka is nearby!
A quokka is nearby!
A quokka is nearby!
A quokka is nearby!
A quokka is nearby!
A quokka is nearby!
Are you sure you want to abandon this character and quit the game? (Confirm with "yes".)

*, ** * ##### ##≈≈≈§
*######### ##§≈... *
*#.......#*, # ##≈§...#
##.......##..r.##§§§§..#
*#......@......##§≈§...^#
*#.####.########§§.§....#
,###....####.#§......## ,
##..)...#....#≈.....#§# ,
, #)..†...#....'..#######
, #....#...#....'..#######
,
#....##...#....#≈.....#≈#
#....# #...#....#≈..§...##
....####.###....#≈≈......#


You could see a quokka.

Vanquished Creatures
  Ijyb (D:3)
  Robin (D:3)
  2 adders
  An ooze (D:1)
  2 leopard geckos
  2 giant cockroaches
  13 goblins
  4 hobgoblins
  2 jackals (D:2)
  A quokka (D:3)
  6 bats
  3 frilled lizards
  9 kobolds
  3 rats
50 creatures vanquished.

Vanquished Creatures (others)
  5 plants (D:2)
5 creatures vanquished.

Grand Total: 55 creatures vanquished

Notes
Turn   | Place    | Note
-------+----------+-------------------------------------------
     0 | D:1      | EnegeticOcto the Deep Dwarf Fighter began the quest for the
                  | Orb.
     0 | D:1      | Reached XP level 1. HP: 20/20 MP: 1/1
   118 | D:1      | Reached XP level 2. HP: 25/27 MP: 2/2
   175 | D:2      | You fall into a shaft and drop 1 floor!
   175 | D:3      | Noticed Ijyb
   201 | D:3      | Killed Ijyb
   201 | D:3      | Reached XP level 3. HP: 28/34 MP: 3/3
   216 | D:3      | Found an iron altar of Okawaru.
   284 | D:3      | Noticed Robin
   303 | D:3      | Killed Robin
   303 | D:3      | Reached XP level 4. HP: 35/42 MP: 4/4
   702 | D:2      | Reached skill level 4 in Armour
   707 | D:2      | Quit the game

Illustrated notes

Levels and vault maps discovered:
D:1:      grunt_arrival_lava_bath, layout_rooms, minmay_tripent
D:2:      layout_basic, chequers_ecumenical_altar_lobes, kennysheep_cross_room,
          nrook_mini_backslash
D:3:      layout_basic, chequers_temple_overflow_minitemple,
          okawaru_metal_pillars_1_2, serial_co_window_serial,
          co_window_corner_a, co_window_paths_a, co_window_of_opportunity_a,
          co_window_of_opportunity_a, co_window_paths_a,
          co_window_unsneaky_path_e, co_window_cross_2, co_window_broadway_b,
          glass_columns_a, glass_columns_a, glass_columns_a, glass_columns_b,
          glass_columns_a, uniq_robin, uniq_ijyb

Skill      XL: |  1  2  3  4 |
---------------+-------------+-----
Axes           | 3 |  3.8
Fighting       | 3 |  3.2
Armour         | 4 |  4.0
Shields        | |  3.9

Action                   |  1- 3 |  4- 6 || total
-------------------------+-------+-------++-------
Melee: War axe           |    66 |    66 ||   132
Armor: Scale mail        |    55 |    37 ||    92
Dodge: Dodged            |    49 |    25 ||    74
Block: Kite shield       |    52 |    40 ||    92

Table legend: (Time is in decaauts)
 A = Elapsed time spent in this place.
 B = Non-inter-level travel time spent in this place.
 C = Inter-level travel time spent in this place.
 D = Time resting spent in this place.
 E = Time spent auto-exploring this place.
 F = Levels seen in this place.
 G = Mean time per level.
                   A        B        C        D        E       F      G
               +--------+--------+--------+--------+--------+-----+--------+
         Total |    761 |    729 |     32 |      0 |    381 |   3 |  253.7 |
       Dungeon |    761 |    729 |     32 |      0 |    381 |   3 |  253.7 |
               +--------+--------+--------+--------+--------+-----+--------+

Top non-repeatable levels by time:
     D:3: 391 daAuts
     D:2: 190 daAuts
     D:1: 180 daAuts
